AoeStats
← mneubourg

Arena

509179454Analyzed
1v1 RM · 7d ago on Sep 25, 2026· 54m 16s· 2 players
Game mode
Random Map
Map size
Tiny (2 player)
Population
200
Speed
Normal
Resources
Standard
Victory
Conquest
Starting age
Dark Age
Ending age
Imperial Age
RankedLock teamsTeams togetherTeam positionsShared explorationLock speedFull tech treeHidden civsTurbo modeCheats
Victory
Defeat
🇲🇽 Spanish · Mexico
815
+16
🇧🇪 Wu · Belgium
821
-16
SaMgAmEpLaY
12:05 Feudal Age
12:50 Double-Bit Axe
12:48 Horse Collar
18:38 Castle Age
17:41 Loom
18:07 Stone Mining
18:51 Padded Archer Armor
20:48 Leather Archer Armor
20:29 Gold Mining
21:26 Heavy Plow
22:49 Bow Saw
30:23 Husbandry
33:01 Wheelbarrow
32:12 Town Watch
35:05 Imperial Age
33:20 Ballistics
34:00 Hand Cart
36:21 Murder Holes
37:57 Chemistry
39:12 Conscription
38:57 Inquisition
40:38 Ring Archer Armor
40:55 Stone Shaft Mining
40:26 Town Patrol
42:31 Forging
42:26 Scale Barding Armor
43:46 Bloodlines
45:49 Chain Barding Armor
46:05 Iron Casting
49:23 Thumb Ring
49:39 Elite Skirmisher
51:50 Blast Furnace
50:41 Fletching
51:27 Plate Barding Armor
54:06 Elite Conquistador
mneubourg
9:33 Loom
11:21 Feudal Age
16:35 Castle Age
14:39 Horse Collar
17:18 Double-Bit Axe
19:27 Stone Mining
22:39 Heavy Plow
24:50 Gold Mining
25:57 Scale Mail Armor
25:42 Elite Skirmisher
30:23 Chain Mail Armor
32:47 Fletching
37:53 Imperial Age
35:43 Bodkin Arrow
38:04 Elite Fire Archer
38:51 Padded Archer Armor
39:46 Bracer
41:59 Leather Archer Armor
42:42 Conscription
44:26 Ballistics
44:22 Bow Saw
45:33 Pikeman
47:05 Halberdier
53:11 Plate Mail Armor
Connection lost

Rejoining the realm…

Still unreachable

The connection could not be restored.

Session expired

The server has moved on; the page needs a fresh start.